 Dungeon Crawl Stone Soup version 0.28-a0-667-g162e43154e (webtiles) character file.

Game seed: 13778423380193819775

5 Lekart the Skirmisher (level 1, 0/19 HPs)
             Began as a Draconian Fighter on Oct 17, 2021.
             Slain by a jackal (1 damage)
             ... on level 1 of the Dungeon.
             The game lasted 00:00:17 (70 turns).

Lekart the Skirmisher (Draconian Fighter)             Turns: 70, Time: 00:00:17

Health: 0/19       AC:  4    Str: 18    XL:     1   Next: 66%
Magic:  1/1        EV: 12    Int:  8    God:
Gold:   0          SH:  4    Dex: 10    Spells: 0/0 levels left

rFire   . . .      SeeInvis .   a - +0 long sword
rCold   . . .      Faith    .   b - +0 buckler
rNeg    . . .      Spirit   .   (armour unavailable)
rPois   .          Reflect  .   (helmet restricted)
rElec   .          Harm     .   (no cloak)
rCorr   .          Rampage  .   (no gloves)
Will    .....                   (no boots)
Stlth   +.........              (no amulet)
HPRegen 0.06/turn               (no ring)
MPRegen 0.07/turn               (no ring)

@: no status effects
A: AC +4, unfitting armour, cold-blooded
a: no special abilities


You were on level 1 of the Dungeon.
You visited 1 branch of the dungeon, and saw 1 of its levels.

Inventory:

Hand Weapons
 a - a +0 long sword (weapon)
Armour
 b - a +0 buckler (worn)
Scrolls
 d - a scroll of noise {unknown}
Potions
 c - a potion of might


   Skills:
 + Level 3.4 Fighting
 + Level 2.0 Long Blades
 + Level 2.8 Dodging
 + Level 3.1 Shields


You couldn't memorise any spells.
You didn't know any spells.
Your spell library was empty.

Dungeon Overview and Level Annotations

Branches:
Dungeon (1/15)

Altars:


Innate Abilities, Weirdness & Mutations

Your plain brown scales are hard. (AC +4)
You cannot fit into any form of body armour.
You are cold-blooded and may be slowed by cold attacks.


Message History

The jackal bites you but does no damage.
The jackal barely misses you.
You closely miss the jackal. You tail-slap the jackal.
The jackal is heavily wounded.
The bat misses you.
The jackal bites you but does no damage. x2
The jackal barely misses you. The jackal closely misses you.
The jackal bites you. The jackal barely misses you.
You barely miss the jackal. The bat hits you. The jackal misses you.
The jackal closely misses you. You block the jackal's attack.
The jackal closely misses you. x2
You barely miss the jackal. You tail-slap the jackal.
The jackal is lightly wounded.
The bat hits you but does no damage. You block the jackal's attack.
The jackal bites you. x2
The jackal bites you but does no damage.
The jackal bites you.
* * * LOW HITPOINT WARNING * * *
You slash the jackal!
You kill the jackal!
The jackal bites you but does no damage.
The jackal barely misses you. The jackal bites you.
* * * LOW HITPOINT WARNING * * *
The jackal closely misses you. The jackal closely misses you.
The jackal bites you.
* * * LOW HITPOINT WARNING * * *
You block the jackal's attack.
The jackal bites you but does no damage.
The jackal barely misses you. You block the jackal's attack.
The jackal barely misses you. The jackal misses you. The jackal bites you.
* * * LOW HITPOINT WARNING * * *
The jackal barely misses you. The bat barely misses you. The bat misses you.
You block the bat's attack. The jackal misses you. You block the bat's attack.
The jackal bites you but does no damage.
You block the jackal's attack. The jackal bites you.
You die...

##### ##.>.##
##..<..## ##....(..##
#..⌠...⌠..##
##[..........##
##.⌠.)..⌠....⌠.##
##@..............##
##bhh...⌠...⌠...⌠..#
##..h................
#......⌠...(...⌠.....
#..........⌠.........
##...................
##########.#########
#..# . #.##


You could see 3 jackals and a bat.

Vanquished Creatures
  A dart slug (D:1)
  A jackal (D:1)
  A ball python (D:1)
  A frilled lizard (D:1)
4 creatures vanquished.

Notes
Turn   | Place    | Note
-------+----------+-------------------------------------------
     0 | D:1      | Lekart the Draconian Fighter began the quest for the Orb.
     0 | D:1      | Reached XP level 1. HP: 19/19 MP: 1/1
    70 | D:1      | Slain by a jackal

Illustrated notes

Levels and vault maps discovered:
D:1:      dpeg_arrival_lava_temple_mockup, layout_rooms, serial_shops,
          nicolae_square_shop

Action                   || total
-------------------------++-------
Melee: Long sword        ||    12
       Tailslap          ||     2
Armor: Skin              ||    11
Dodge: Dodged            ||    25
Block: Buckler           ||     9

Table legend: (Time is in decaauts)
 A = Elapsed time spent in this place.
 B = Non-inter-level travel time spent in this place.
 C = Inter-level travel time spent in this place.
 D = Time resting spent in this place.
 E = Time spent auto-exploring this place.
 F = Levels seen in this place.
 G = Mean time per level.
                   A        B        C        D        E       F      G
               +--------+--------+--------+--------+--------+-----+--------+
         Total |     73 |     73 |      0 |      0 |     26 |   1 |   73.0 |
       Dungeon |     73 |     73 |      0 |      0 |     26 |   1 |   73.0 |
               +--------+--------+--------+--------+--------+-----+--------+

Top non-repeatable levels by time:
     D:1: 73 daAuts
